← All builds
Tech / Armada / Economy first / OBSERVED BUILD

Nuke rush

Armada Tech (Eco) build order · Supreme Isthmus

After the standard T2 rush, commits to an early Armageddon nuclear launcher around 10:30-12:28, hitting the enemy base directly in nearly all games as a forward plan rather than defence.

Usually first T2 con to Geo (76%)

#nuke #t2 · 173 distinct matches · 61 players · 5% of Armada Tech games · team won 65% of 176 · Recently observed

THE CATCH, AND WHAT COMES WITH IT
  • ArmageddonArmageddon from 10:29 · 5% of role by thenOnly 5% of Tech games have it by then; others who build it get it around 10:39

Where those units first fight, in 31 games with kill data: in the enemy base 97%.

HOW TO PLAY IT

Key timing: Armageddon up by 10:28

  1. Open fast Bot Lab into Advanced Bot Lab as usual for Tech.
  2. Get Advanced Bot Lab done to keep pace with normal T2 rush.
  3. Upgrade mex to feed the coming nuke project.
  4. Commit to an Armageddon far earlier than the usual 12:23 norm.
  5. Stockpile the nuke silo while still feeding allies T2 cons.

Phase by phase

TYPICAL OF ITS 173 GAMES · AGAINST STANDARD TECH
  1. 1
  2. 2
  3. 3
  4. 4
PLAY THE OPENING

Follow the example game's first 11:30 step by step: what to build now, what comes next, and where it goes. At 1× it keeps pace with your own game.

  1. 1

    Up to the Bot Lab

    Economy
    • Metal Extractor3Mex
    • Wind Turbine4Wind
    Order
    1. Bot LabBot Lab after 3 mex, 4 winddone ~1:18, middle half 1:12–1:32

    By 1:01 in all: 3 mex · 4 wind

    The example game in this phase · 6 steps
    1. Mex ×2
    2. Wind
    3. Mex
    4. Wind ×2
    5. Energy storage
    6. Bot LabBot Labdone 1:23 · typical 1:18
  2. 2

    Bot Lab to Advanced Bot Lab

    Economy
    • Metal Extractor1Mex
    • Wind Turbine8Wind
    • Energy Storage1Energy storage
    Order
    1. Advanced Bot LabAdvanced Bot Lab after 4 mex, 11 wind, 3 con turretdone ~4:15, middle half 4:02–4:31
    Builders
    • Construction Turret3 Con turret
    • Lazarus3 Lazarus
    • Construction Bot2 Con bot
    • Construction Bot1 Con bot for allies

    Some games also: converter (35%)

    By 3:17 in all: 4 mex · 11 wind · 1 energy storage · 3 con turret

    The example game in this phase · 19 steps
    1. Wind
    2. LazarusLazarus ×2
    3. Construction BotCon bot
    4. LazarusLazarus
    5. Con turret
    6. Construction BotCon botfor Air
    7. LazarusLazarus
    8. Construction BotCon bot
    9. Mex
    10. Bot LabEat Bot Labreclaimed for its metal
    11. Con turret ×2
    12. Wind ×4
    13. Converter
    14. Wind
    15. Converter
    16. Wind ×2
    17. Converter
    18. Wind
    19. Advanced Bot LabAdvanced Bot Labdone 4:23 · typical 4:15
  3. 3

    Advanced Bot Lab to 5:00

    Economy
    • Wind Turbine4Wind
    Order
    1. Bot LabEat Bot Lab
    Builders
    • Advanced Construction Bot1 T2 con bot for allies

    Some games also: converter (36%)

    By 5:00 in all: 4 mex · 16 wind · 2 converter · 1 energy storage · 3 con turret

    The example game in this phase · 11 steps
    1. Converter ×2
    2. Wind
    3. Converter
    4. Wind
    5. Advanced Construction BotT2 con botfor Geo
    6. Converter
    7. Wind
    8. Advanced Construction BotT2 con botfor Air
    9. Wind
    10. Advanced Metal ExtractorT2 mexdone 5:18 · typical 5:34
    11. Converter
  4. 4

    5:00 to Nuke silo

    Economy
    • Wind Turbine63Wind
    • Energy Converter10Converter
    Order
    1. ArmageddonNuke silo after 80 wind, 12 converter, 5 con turretdone ~12:27, middle half 11:58–13:30
    Builders
    • Construction Turret2 Con turret
    • Butler8 Butler
    • Advanced Construction Bot4 T2 con bot for allies
    • Advanced Construction Bot1 T2 con bot

    Some games also: metal storage (38%) · Ghost (33%) · Butler for allies (31%)

    By 10:29 in all: 4 mex · 80 wind · 12 converter · 1 energy storage · 5 con turret (standard 3)

    The example game in this phase · 167 steps
    1. Wind
    2. Advanced Metal ExtractorT2 mex
    3. Wind
    4. Advanced Metal ExtractorT2 mex
    5. Wind
    6. Advanced Metal ExtractorT2 mex
    7. Wind
    8. ButlerButler
    9. Wind ×2
    10. ButlerButler
    11. Advanced solar
    12. ButlerButler
    13. Advanced solar
    14. ButlerButler ×2
    15. Advanced Construction BotT2 con botfor Geo sea
    16. Wind ×2
    17. ButlerButler
    18. Wind
    19. ButlerButler
    20. Advanced Construction BotT2 con botfor Beach sea
    21. Wind
    22. ButlerButler
    23. Wind
    24. ButlerButler
    25. Wind
    26. ButlerButler
    27. Wind ×2
    28. ButlerButler
    29. Converter
    30. Wind ×2
    31. ButlerButler
    32. Wind ×3
    33. Converter
    34. Wind
    35. ButlerButler
    36. Wind ×3
    37. Converter
    38. Wind
    39. ButlerButler
    40. Wind ×3
    41. ButlerButler
    42. Wind
    43. Converter
    44. Wind ×2
    45. ButlerButler
    46. Wind
    47. Advanced Construction BotT2 con bot
    48. Wind ×3
    49. Converter
    50. Wind
    51. Metal storage
    52. Wind ×5
    53. Converter
    54. Wind ×5
    55. Converter
    56. Metal storage
    57. Wind ×5
    58. Converter
    59. Wind ×5
    60. Converter
    61. Wind ×6
    62. ArmageddonArmageddondone 12:09 · typical 12:27
    63. Wind
    64. Converter
    65. Wind ×3
    66. Advanced Bot LabEat Advanced Bot Labreclaimed for its metal
    67. Wind ×3
    68. Converter
    69. Wind
    70. Energy storage
    71. Wind ×3
    72. Con turret
    73. Wind ×3
    74. Converter
    75. Wind ×3
    76. Converter
    77. Con turret
    78. Wind ×2
    79. Con turret
    80. Converter
    81. Wind
    82. Con turret
    83. Wind
    84. Converter
    85. Wind
    86. Converter
    87. Wind ×2
    88. Converter
    89. Wind
    90. Converter
    91. Wind
    92. Converter
    93. Wind
    94. T2 converter
    95. Wind
    96. Converter
    97. Wind
    98. Converter
    99. Wind
    100. Converter
    101. Wind
    102. Converter
    103. Wind ×2
    104. Converter
    105. Wind ×5
    106. Converter
    107. Wind ×5
    108. Con turret
    109. Wind
    110. Converter
    111. Wind ×6
    112. Converter
    113. Wind ×5
    114. Con turret
    115. Wind
    116. Converter
    117. Solar
    118. Wind ×7
    119. Solar
    120. Wind
    121. Converter
    122. Wind
    123. Solar
    124. Wind ×2
    125. Solar
    126. Wind ×4
    127. Solar
    128. Wind ×16
    129. Vehicle PlantVehicle Plantdone 13:58
    130. Wind
    131. Vehicle PlantVehicle Plantdone 14:02
    132. Wind ×6
    133. StoutStout ×2
    134. Wind ×3
    135. StoutStout
    136. Wind ×2
    137. StoutStout
    138. Wind
    139. StoutStout
    140. Wind ×3
    141. StoutStout
    142. Wind ×2
    143. StoutStout
    144. Wind
    145. StoutStout
    146. Wind ×3
    147. StoutStout
    148. Wind ×2
    149. StoutStout
    150. Wind
    151. StoutStout
    152. Wind
    153. StoutStout
    154. Wind ×4
    155. StoutStout
    156. Wind
    157. StoutStout
    158. Wind
    159. StoutStout
    160. Wind ×3
    161. StoutStout
    162. Wind
    163. StoutStout
    164. Converter
    165. Wind ×3
    166. StoutStout
    167. Wind ×2

Counts are medians over the build's games: half of them build more, half fewer. The example game is El_Turco's (39 OS, 12/10/2026); pick another.

Team trades

IN AT LEAST 30% OF ITS GAMES

You hand over

  • Construction Bot1 Con bot to Airfirst at 2:20 · in 80% of games
  • Advanced Construction Bot5 T2 con bot to Geo sea or Air or Beach seafirst at 4:50 · in 95% of games
  • Butler2 Butler to Geo sea or Beach sea or Pondfirst at 8:45 · in 31% of games

You get

  • Hercules1 Light transport from Airfirst at 3:55 · in 81% of games

How it plays out

Typical game of this build against the role’s standard build, running totals by minute

  • This build
  • Standard tech

Metal produced

020k40k
0:005:0010:0015:00

metal

Enemy metal destroyed

050100
0:005:0010:0015:00

metal

Own metal lost

050100150
0:005:0010:0015:00

metal

176 games.

Show as table
ByMetal produced: This buildMetal produced: Standard techEnemy metal destroyed: This buildEnemy metal destroyed: Standard techOwn metal lost: This buildOwn metal lost: Standard tech
1:003823830000
2:009169150000
3:00164916510000
4:00319531440000
5:00486848470000
6:00588658000000
7:00744472270000
8:00931190610000
9:0011582111730000
10:0014070135030000
11:0018126162420000
12:0021155196560000
13:00241292344500110
14:002732427362007773
15:0030791315423885130130
WHAT THE NUMBERS SAY

Wins far more often than standard despite almost no early kills, showing the nuke threat itself reshapes the game.

  • + Team win rate 67% vs 53% standard.
  • + Own metal lost stays minimal (130 vs 198 by 15:00).
  • − Enemy metal destroyed by 15:00 is near zero (67 vs 266 standard).
  • − Delays the usual Fusion and anti-nuke items that 43-44% of role games hit.
THE EXAMPLE YOU ARE READING

El_Turco

39.2 OS · 12/10/2026

Open source match ↗

35 received units · includes a constructor
5075 metal received · 74648 energy received

Allied construction assistance is unknown. Timings are observations, not a promise of solo reproducibility.

Typical milestones

Bot Lab1:18Middle 50%: 1:12–1:32 · n=175
Advanced Bot Lab4:15Middle 50%: 4:02–4:31 · n=172
Advanced Metal Extractor5:34Middle 50%: 5:04–6:03 · n=176
Armageddon12:27Middle 50%: 11:58–13:30 · n=125

Played most by

Crouxy22games of this buildAmrissa10games of this buildSUNTZ10games of this buildAriah9games of this buildTeaner9games of this build